 Dungeon Crawl Stone Soup version 0.31.0-32-g396128a36d (webtiles) character file.

Game seed: 14347340789977980332

586 EonDragon20 the Geomancer (level 7, 0/36 HPs)
             Began as a Gargoyle Earth Elementalist on Apr 3, 2024.
             Slain by Duvessa
             ... wielding a +0 short sword
              (9 damage)
             ... on level 4 of the Dungeon.
             The game lasted 00:10:51 (3307 turns).

EonDragon20 the Geomancer (GrEE)                    Turns: 3307, Time: 00:10:51

Health: 0/36       AC:  7    Str: 12    XL:     7   Next: 37%
Magic:  2/10       EV: 11    Int: 17    God:
Gold:   228        SH:  0    Dex: 10    Spells: 2/10 levels left

rFire   . . .        e - +0 dagger
rCold   . . .        (no shield)
rNeg    + . .        a - +0 robe
rPois   ∞            g - +0 helmet
rElec   +            (no cloak)
rCorr   .            (no gloves)
SInv    .            (no boots)
Will    .....        k - amulet of magic regeneration
Stlth   ++           f - +4 ring of slaying
HPRegen 0.26/turn    (no ring)
MPRegen 0.52/turn

%: no passive effects
@: very slightly contaminated, invisible
A: sickness immunity, AC +4, negative energy resistance 1, electricity
resistance, torment resistance 1, petrification resistance
a: no special abilities


You were on level 4 of the Dungeon.
You visited 2 branches of the dungeon, and saw 5 of its levels.

You collected 228 gold pieces.

Inventory:

Hand Weapons
 e - a +0 dagger (weapon)
Armour
 a - a +0 robe (worn)
 g - a +0 helmet (worn)
Jewellery
 f - a +4 ring of slaying (left hand)
 k - an amulet of magic regeneration (around neck)
Scrolls
 c - a scroll of identify
Potions
 b - a potion of magic
 h - a potion of invisibility
 i - a potion of degeneration {unknown}
 j - a potion of lignification
 o - a potion of brilliance {unknown}


   Skills:
 - Level 1.5 Dodging
 - Level 2.1 Stealth
 - Level 2.0 Spellcasting
 * Level 5.1 Conjurations
 * Level 8.1 Earth Magic


You had 2 spell levels left.
You knew the following spells:

 Your Spells              Type           Power      Damage    Failure   Level
a - Sandblast             Erth           58%        2d13      1%          1
b - Stone Arrow           Conj/Erth      48%        3d10      3%          3
c - Brom's Barrelling Bo  Conj/Erth      24%        2d5       12%         4

Your spell library contained the following spells:

 Spells                   Type           Power      Damage    Failure   Level
 Kiss of Death            Conj/Necr      40%        2d8       7%          1
 Sting                    Conj/Alch      40%        1d5       7%          1
 Mercury Vapours          Alch/Air       2%         N/A       28%         2
 Passwall                 Erth           29%        N/A       1%          3
 Petrify                  Alch/Erth      15%        N/A       34%         4
 Confusing Touch          Hex            1%         N/A       50%         3
 Fugue of the Fallen      Necr           1%         N/A       50%         3
 Ozocubu's Armour         Ice            1%         N/A       50%         3
 Tukima's Dance           Hex            1%         N/A       50%         3
 Iskenderun's Mystic Bla  Conj/Tloc      10%        2d4       54%         4
 Dimensional Bullseye     Hex/Tloc       0%         N/A       88%         4
 Dispel Undead            Necr           1%         3d6       88%         4
 Manifold Assault         Tloc           1%         N/A       88%         4
 Olgreb's Toxic Radiance  Alch           1%         N/A       88%         4


Dungeon Overview and Level Annotations

Branches:
Dungeon (4/15)             Temple (1/1) D:4

Altars:
Ashenzari
Cheibriados
Elyvilon
Fedhas
Kikubaaqudgha
Makhleb
Okawaru
Qazlal
Ru
Trog
Uskayaw
Wu Jian
Yredelemnul
The Shining One

Annotations:
D:4 Duvessa


Innate Abilities, Weirdness & Mutations

You are immune to sickness and miasma.
Your stone body is resilient. (AC +4)
You are immune to poison.
You resist negative energy. (rN+)
You are resistant to electric shocks. (rElec)
You are resistant to unholy torment.
You are immune to petrification.


Message History

Duvessa closely misses you.
Casting: Stone Arrow (dangerous; 3% risk of failure)
Confirm with . or Enter, or press ? or * to list all spells.
Aiming: Stone Arrow (dangerous; 3% risk of failure)
Press: ? - help, Shift-Dir - straight line, f/p - Duvessa
Aim: Duvessa, wielding a +0 short sword, wearing a +0 ring mail and quivering stones (lightly wounded, berserk, unable to see you, 79% to hit)
The stone arrow hits Duvessa!
Duvessa is lightly wounded.
Duvessa barely misses you.
The orc warrior shoots a bolt.
The bolt barely misses Duvessa.
The bolt barely misses you.
Casting: Stone Arrow (dangerous; 3% risk of failure)
Confirm with . or Enter, or press ? or * to list all spells.
Aiming: Stone Arrow (dangerous; 3% risk of failure)
Press: ? - help, Shift-Dir - straight line, f/p - Duvessa
Aim: Duvessa, wielding a +0 short sword, wearing a +0 ring mail and quivering stones (lightly wounded, wandering, berserk, unable to see you, hasn't noticed you, 79% to hit)
The stone arrow hits Duvessa!!
Duvessa is heavily wounded.
Duvessa hits you but does no damage. Duvessa completely misses you.
A giant cockroach comes into view.
Casting: Stone Arrow (dangerous; 3% risk of failure)
Confirm with . or Enter, or press ? or * to list all spells.
Aiming: Sandblast (safe; 1% risk of failure)
Press: ? - help, Shift-Dir - straight line, f/p - Duvessa
Aim: Duvessa, wielding a +0 short sword, wearing a +0 ring mail and quivering stones (heavily wounded, berserk, unable to see you, 87% to hit)
The blast of sand hits Duvessa.
Duvessa is severely wounded.
Duvessa hits you but does no damage.
A hobgoblin comes into view.
Duvessa closely misses you.
Casting: Sandblast (safe; 1% risk of failure)
Confirm with . or Enter, or press ? or * to list all spells.
Aiming: Sandblast (safe; 1% risk of failure)
Press: ? - help, Shift-Dir - straight line, f/p - Duvessa
Aim: Duvessa, wielding a +0 short sword, wearing a +0 ring mail and quivering stones (severely wounded, berserk, unable to see you, 87% to hit)
The blast of sand hits Duvessa!
Duvessa is almost dead.
Duvessa hits you with a +0 short sword! The orc hits you with a +0 falchion.
* * * LOW HITPOINT WARNING * * *
Duvessa hits you with a +0 short sword!
You die...

#.##...).#....###
#....#..........# ###
#.#..#...#......###.# .
#........#......##..#####
..#.o......#..............##
$e.........o...........##..#
.o#.......................#
#o#.##...B....[e..........#
# #.#.........oo@......#..##
#..................###...#
... ..#....#.......###...#
...... .###.###..#.####....#
...... #. ....###......##
.....# .. .. .#..##.......#
..... .... #..##..........#
...# ....##. ##.......#.###
[..# #..... #............#


You could see Duvessa (berserk, unable to see you), an orc warrior (unable to
see you), 2 orcs and a giant cockroach (wandering, unable to see you).

Vanquished Creatures
  Sigmund (D:4)
  A black bear (D:3)
  An ogre (D:4)
  Dowan (D:4)
  An iguana (D:3)
  A sleepcap (D:4)
  3 gnolls (D:3)
  7 adders
  A ribbon worm (D:4)
  2 orcs
  6 bats
  4 endoplasms
  7 giant cockroaches
  9 goblins
  3 hobgoblins
  2 quokkas
  2 ball pythons
  7 frilled lizards
  5 kobolds
  A rat (D:1)
65 creatures vanquished.

Notes
Turn   | Place    | Note
-------+----------+-------------------------------------------
     0 | D:1      | EonDragon20 the Gargoyle Earth Elementalist began the quest
                  | for the Orb.
     0 | D:1      | Reached XP level 1. HP: 10/10 MP: 3/3
   242 | D:1      | Reached skill level 4 in Earth Magic
   259 | D:1      | Reached XP level 2. HP: 13/15 MP: 0/5
   381 | D:1      | Found a faded altar of an unknown god.
   982 | D:2      | Reached XP level 3. HP: 19/19 MP: 2/6
  1043 | D:2      | Reached skill level 5 in Earth Magic
  1235 | D:2      | Reached XP level 4. HP: 24/24 MP: 5/7
  1296 | D:2      | Learned a level 3 spell: Stone Arrow
  1910 | D:2      | Reached skill level 6 in Earth Magic
  2294 | D:3      | Reached XP level 5. HP: 28/28 MP: 6/8
  2539 | D:3      | Found a blossoming altar of Fedhas.
  2822 | D:4      | Found a staircase to the Ecumenical Temple.
  2844 | Temple   | Found a transporter.
  2844 | Temple   | Found a transporter.
  2844 | Temple   | Found a transporter.
  2844 | Temple   | Found a transporter.
  2844 | Temple   | Entered the Ecumenical Temple
  2938 | D:4      | Noticed a black bear
  2940 | D:4      | Noticed Duvessa
  2958 | D:4      | Noticed Dowan
  2960 | D:3      | Killed a black bear
  2961 | D:3      | Reached skill level 7 in Earth Magic
  2961 | D:3      | Reached XP level 6. HP: 29/32 MP: 1/9
  3063 | D:4      | Learned a level 4 spell: Brom's Barrelling Boulder
  3149 | D:4      | Noticed Sigmund
  3163 | D:4      | Killed Dowan
  3177 | D:4      | Killed Sigmund
  3178 | D:4      | Reached skill level 5 in Conjurations
  3178 | D:4      | Reached skill level 8 in Earth Magic
  3178 | D:4      | Reached XP level 7. HP: 21/36 MP: 1/10
  3307 | D:4      | Slain by Duvessa

Illustrated notes

Levels and vault maps discovered:
D:1:      amcnicky_arrival_flooded_fountain, layout_basic,
          shapermc_ecumenical_altar_ellora,
          wander_ebering_terrifying_dragon_lair
D:2:      minmay_skewed_foursquare, layout_basic
D:3:      layout_loops_ring, fedhas_altar_2
D:4:      layout_cave_pools, minmay_temple_entry_statues_fountains,
          guppyfry_early_orc_mine, uniq_sigmund, uniq_duvessa
Temple:   hellmonk_temple_divided_pantheon

Skill      XL: |  1  2  3  4  5  6 |
---------------+-------------------+-----
Earth Magic    | 4 5 6 7 8 |  8.1
Conjurations   | 2 3 5 |  5.1
Dodging        | |  1.5
Stealth        | |  2.1
Spellcasting   | |  2.0

Action                     |  1- 3 |  4- 6 |  7- 9 || total
---------------------------+-------+-------+-------++-------
  Melee: Unarmed           |     5 |       |       ||     5
         Dagger            |     2 |       |       ||     2
   Cast: Sandblast         |    28 |    51 |     2 ||    81
         Stone Arrow       |       |    14 |     2 ||    16
    Use: Scroll            |     3 |     5 |       ||     8
         Potion            |       |       |     1 ||     1
 Armour: Robe              |     8 |    18 |     8 ||    34
  Dodge: Dodged            |     6 |    10 |     9 ||    25
